| TOP OF THE 1ST |
|
Miami Beach Marlins batting - Pitching for Houston Colt .45's : RHP Alex Salinas
|
|
Pitching: RHP Alex Salinas
|
|
|
Batting: LHB Eric Bailey
|
0-0: Called Strike 0-1: Ground out 6-3 (Groundball, P, EV 89.4 MPH)
|
|
Batting: LHB Mike Kara
|
0-0: SINGLE (Line Drive, 6MD, EV 100.6 MPH)
|
|
Batting: RHB Steve Barnard
|
0-0: Ball 1-0: Called Strike 1-1: Ball Mike Kara steals 2nd, throwing error, E2 Mike Kara to third 2-1: Ball 3-1: Foul Ball, location: 2F 3-2: Strikes out swinging
|
|
Batting: RHB Willie Chavez
|
0-0: Called Strike 0-1: Swinging Strike 0-2: Ball 1-2: Ground out 1-3 (Groundball, 13S, EV 71.2 MPH)
|
| Top of the 1st over - 0 runs, 1 hit, 1 error, 1 left on base; Miami Beach 0 - Houston 0 |
| BOTTOM OF THE 1ST |
|
Houston Colt .45's batting - Pitching for Miami Beach Marlins : RHP Pharamond Lestrange
|
|
Pitching: RHP Pharamond Lestrange
|
|
|
Batting: LHB Lou Toth
|
0-0: Called Strike 0-1: Ball 1-1: Foul Ball, location: 2F 1-2: Strikes out swinging
|
|
Batting: RHB Juan Mendoza
|
0-0: Foul Ball, location: 2F 0-1: Called Strike 0-2: Foul Ball, location: 2F 0-2: Foul Ball, location: 2F 0-2: Ball 1-2: Ground out 4-3 (Groundball, 4, EV 83.1 MPH)
|
|
Batting: LHB Bob Dietz
|
0-0: Ball 1-0: Foul Ball, location: 2F 1-1: Swinging Strike 1-2: Ball 2-2: Strikes out looking
|
| Bottom of the 1st over - 0 runs, 0 hits, 0 errors, 0 left on base; Miami Beach 0 - Houston 0 |
| TOP OF THE 2ND |
|
Miami Beach Marlins batting - Pitching for Houston Colt .45's : RHP Alex Salinas
|
|
Batting: RHB J.D. Vander Klok
|
0-0: Called Strike 0-1: SINGLE (Line Drive, 9S, EV 95.0 MPH)
|
|
Batting: RHB Andy Kelly
|
0-0: Called Strike 0-1: Ball 1-1: Foul Ball, location: 2F 1-2: Ball 2-2: Ball 3-2: Strikes out looking
|
|
Batting: RHB Tony Ledezma
|
0-0: Foul Ball, location: 2F 0-1: Ball 1-1: Ball 2-1: Ball J.D. Vander Klok steals 2nd base 3-1: Fly out, F8 (Flyball, 8LM, EV 83.8 MPH)
|
|
Batting: LHB Matt McKeon
|
0-0: Swinging Strike 0-1: Ball 1-1: Ball 2-1: Ball 3-1: Foul Ball, location: 2F 3-2: Base on Balls
|
|
Batting: RHB Axel Moltke
|
0-0: Foul Ball, location: 2F 0-1: Foul Ball, location: 2F 0-2: Ball 1-2: Strikes out swinging
|
| Top of the 2nd over - 0 runs, 1 hit, 0 errors, 2 left on base; Miami Beach 0 - Houston 0 |
| BOTTOM OF THE 2ND |
|
Houston Colt .45's batting - Pitching for Miami Beach Marlins : RHP Pharamond Lestrange
|
|
Batting: RHB Sean Mounts
|
0-0: Swinging Strike 0-1: Foul Ball, location: 2F 0-2: Ball 1-2: Foul Ball, location: 2F 1-2: Ball 2-2: Foul Ball, location: 2F 2-2: Strikes out swinging
|
|
Batting: LHB Jackson Trottier
|
0-0: Called Strike 0-1: Called Strike 0-2: Ball 1-2: Ball 2-2: Ball 3-2: Fly out, F4 (Popup, 4M, EV 46.2 MPH)
|
|
Batting: RHB Jarno van Lente
|
0-0: Called Strike 0-1: Swinging Strike 0-2: Ball 1-2: Ball 2-2: Ball 3-2: Strikes out swinging
|
| Bottom of the 2nd over - 0 runs, 0 hits, 0 errors, 0 left on base; Miami Beach 0 - Houston 0 |
| TOP OF THE 3RD |
|
Miami Beach Marlins batting - Pitching for Houston Colt .45's : RHP Alex Salinas
|
|
Batting: LHB Eric Bailey
|
0-0: Called Strike 0-1: Ball 1-1: Ball 2-1: Called Strike 2-2: Foul Ball, location: 2F 2-2: Strikes out swinging
|
|
Batting: LHB Mike Kara
|
0-0: Ball 1-0: SINGLE (Line Drive, 7LM, EV 95.6 MPH)
|
|
Batting: RHB Steve Barnard
|
0-0: Ground out 4-3 (Groundball, 4, EV 90.6 MPH) Mike Kara to second
|
|
Batting: RHB Willie Chavez
|
0-0: Swinging Strike 0-1: Ball 1-1: Ball 2-1: Foul Ball, location: 2F 2-2: DOUBLE (Line Drive, 89D, EV 103.1 MPH) Mike Kara scores
|
|
Batting: RHB J.D. Vander Klok
|
0-0: Ball 1-0: Called Strike 1-1: Swinging Strike 1-2: Strikes out looking
|
| Top of the 3rd over - 1 run, 2 hits, 0 errors, 1 left on base; Miami Beach 1 - Houston 0 |
| BOTTOM OF THE 3RD |
|
Houston Colt .45's batting - Pitching for Miami Beach Marlins : RHP Pharamond Lestrange
|
|
Batting: RHB To-wai Chen
|
0-0: Ball 1-0: Foul Ball, location: 2F 1-1: Called Strike 1-2: Ball 2-2: Ball 3-2: Foul Ball, location: 2F 3-2: Strikes out looking
|
|
Batting: RHB Keith Goodwin
|
0-0: Swinging Strike 0-1: Called Strike 0-2: Ball 1-2: Foul Ball, location: 2F 1-2: Strikes out looking
|
|
Batting: RHB Gabe Allen
|
0-0: Hit by Pitch
|
|
Batting: LHB Lou Toth
|
0-0: Ball 1-0: Called Strike 1-1: Ground out 4-3 (Groundball, 4, EV 110.6 MPH)
|
| Bottom of the 3rd over - 0 runs, 0 hits, 0 errors, 1 left on base; Miami Beach 1 - Houston 0 |
| TOP OF THE 4TH |
|
Miami Beach Marlins batting - Pitching for Houston Colt .45's : RHP Alex Salinas
|
|
Batting: RHB Andy Kelly
|
0-0: Foul Ball, location: 2F 0-1: Foul Ball, location: 2F 0-2: Strikes out swinging
|
|
Batting: RHB Tony Ledezma
|
0-0: Ball 1-0: Swinging Strike 1-1: Ball 2-1: Reached on error, E6 (Groundball, 6M, EV 97.5 MPH)
|
|
Batting: LHB Matt McKeon
|
0-0: Swinging Strike 0-1: Foul Ball, location: 2F 0-2: Ball 1-2: Strikes out swinging
|
|
Batting: RHB Axel Moltke
|
0-0: Ball 1-0: Ball 2-0: Ball 3-0: Foul Ball, location: 2F 3-1: SINGLE (Line Drive, 34, EV 97.5 MPH) Tony Ledezma to second Runner from 2nd tries for 3rd, SAFE, throw by RF made to third
|
|
Batting: LHB Eric Bailey
|
0-0: Ball 1-0: Called Strike 1-1: Ball 2-1: Ball 3-1: Foul Ball, location: 2F 3-2: Ground out 1-3 (Groundball, 23, EV 69.4 MPH)
|
| Top of the 4th over - 0 runs, 1 hit, 1 error, 2 left on base; Miami Beach 1 - Houston 0 |
| BOTTOM OF THE 4TH |
|
Houston Colt .45's batting - Pitching for Miami Beach Marlins : RHP Pharamond Lestrange
|
|
Batting: RHB Juan Mendoza
|
0-0: Fly out, F4 (Popup, 4MD, EV 45.0 MPH)
|
|
Batting: LHB Bob Dietz
|
0-0: Ball 1-0: Called Strike 1-1: Called Strike 1-2: Ball 2-2: Strikes out looking
|
|
Batting: RHB Sean Mounts
|
0-0: Ball 1-0: Foul Ball, location: 2F 1-1: Swinging Strike 1-2: Strikes out swinging
|
| Bottom of the 4th over - 0 runs, 0 hits, 0 errors, 0 left on base; Miami Beach 1 - Houston 0 |
| TOP OF THE 5TH |
|
Miami Beach Marlins batting - Pitching for Houston Colt .45's : RHP Alex Salinas
|
|
Batting: LHB Mike Kara
|
0-0: Swinging Strike 0-1: Foul Ball, location: 2F 0-2: Ball 1-2: Strikes out swinging
|
|
Batting: RHB Steve Barnard
|
0-0: Ball 1-0: Ball 2-0: Ground out 5-3 (Groundball, 5, EV 106.9 MPH)
|
|
Batting: RHB Willie Chavez
|
0-0: Foul Ball, location: 2F 0-1: Ball 1-1: Called Strike 1-2: Foul Ball, location: 2F 1-2: Strikes out swinging
|
| Top of the 5th over - 0 runs, 0 hits, 0 errors, 0 left on base; Miami Beach 1 - Houston 0 |
| BOTTOM OF THE 5TH |
|
Houston Colt .45's batting - Pitching for Miami Beach Marlins : RHP Pharamond Lestrange
|
|
Batting: LHB Jackson Trottier
|
0-0: Called Strike 0-1: Reached on error, E8 (Flyball, 78D, EV 98.8 MPH)
|
|
Batting: RHB Jarno van Lente
|
0-0: Ball 1-0: Fly out, F8 (Flyball, 8LD, EV 103.1 MPH)
|
|
Batting: RHB To-wai Chen
|
0-0: Fly out, F4 (Popup, 4, EV 73.1 MPH)
|
|
Batting: RHB Keith Goodwin
|
0-0: Ball 1-0: Foul Ball, location: 2F 1-1: Ball 2-1: Foul Ball, location: 2F 2-2: Ground out 4-3 (Groundball, 4, EV 110.6 MPH)
|
| Bottom of the 5th over - 0 runs, 0 hits, 1 error, 1 left on base; Miami Beach 1 - Houston 0 |
| TOP OF THE 6TH |
|
Miami Beach Marlins batting - Pitching for Houston Colt .45's : RHP Alex Salinas
|
|
Batting: RHB J.D. Vander Klok
|
0-0: Called Strike 0-1: Ball 1-1: Ball 2-1: Ball 3-1: Called Strike 3-2: Reached on error, E4 (Groundball, 6M, EV 103.1 MPH)
|
|
Batting: RHB Andy Kelly
|
0-0: Ball 1-0: Foul Ball, location: 2F 1-1: Swinging Strike 1-2: Foul Ball, location: 2F 1-2: Foul Ball, location: 2F 1-2: Ball 2-2: Ball 3-2: Strikes out swinging
|
|
Batting: RHB Tony Ledezma
|
0-0: Ball 1-0: Fly out, F9 (Flyball, 9LD, EV 93.1 MPH)
|
|
Batting: LHB Matt McKeon
|
0-0: Ball 1-0: SINGLE (Line Drive, 6D, EV 103.8 MPH) J.D. Vander Klok to second
|
|
Batting: RHB Axel Moltke
|
0-0: Ball 1-0: Ball 2-0: Called Strike 2-1: Ball 3-1: Called Strike 3-2: Base on Balls J.D. Vander Klok to third Matt McKeon to second
|
|
Pitching: RHP Russ Greer
|
|
|
Batting: LHB Eric Bailey
|
0-0: Ball 1-0: Swinging Strike 1-1: Ball 2-1: Foul Ball, location: 2F 2-2: Strikes out swinging
|
| Top of the 6th over - 0 runs, 1 hit, 1 error, 3 left on base; Miami Beach 1 - Houston 0 |
| BOTTOM OF THE 6TH |
|
Houston Colt .45's batting - Pitching for Miami Beach Marlins : RHP Pharamond Lestrange
|
|
Batting: RHB Gabe Allen
|
0-0: Ball 1-0: Swinging Strike 1-1: Foul Ball, location: 2F 1-2: Ball 2-2: Foul Ball, location: 2F 2-2: SINGLE (Groundball, 6MD, EV 106.2 MPH)
|
|
Batting: LHB Lou Toth
|
0-0: Ball 1-0: Swinging Strike 1-1: Ball 2-1: Ball 3-1: Called Strike 3-2: Strikes out looking
|
|
Batting: RHB Juan Mendoza
|
0-0: Ball 1-0: Called Strike 1-1: Ball 2-1: SINGLE (Line Drive, 8LM, EV 95.6 MPH) Gabe Allen to second
|
|
Batting: LHB Bob Dietz
|
0-0: Ball 1-0: Foul Ball, location: 2F 1-1: Foul Ball, location: 2F 1-2: Foul Ball, location: 2F 1-2: Strikes out swinging
|
|
Batting: RHB Sean Mounts
|
0-0: Called Strike 0-1: Called Strike 0-2: Foul Ball, location: 2F 0-2: Ground out 4-3 (Groundball, 4MD, EV 87.5 MPH)
|
| Bottom of the 6th over - 0 runs, 2 hits, 0 errors, 2 left on base; Miami Beach 1 - Houston 0 |
| TOP OF THE 7TH |
|
Miami Beach Marlins batting - Pitching for Houston Colt .45's : RHP Russ Greer
|
|
Pitching: RHP Mike Wirick
|
|
|
Batting: LHB Mike Kara
|
0-0: Ball 1-0: Fly out, F6 (Popup, 6MD, EV 51.9 MPH)
|
|
Batting: RHB Steve Barnard
|
0-0: Ball 1-0: Ball 2-0: Ball 3-0: Foul Ball, location: 2F 3-1: Base on Balls
|
|
Batting: RHB Willie Chavez
|
0-0: Ball 1-0: Ball 2-0: Called Strike 2-1: Ball Passed Ball! Steve Barnard to second 3-1: Swinging Strike 3-2: Strikes out swinging
|
|
Batting: RHB J.D. Vander Klok
|
0-0: Called Strike 0-1: Ball 1-1: Foul Ball, location: 2F 1-2: Strikes out looking
|
| Top of the 7th over - 0 runs, 0 hits, 0 errors, 1 left on base; Miami Beach 1 - Houston 0 |
| BOTTOM OF THE 7TH |
|
Houston Colt .45's batting - Pitching for Miami Beach Marlins : RHP Pharamond Lestrange
|
|
Pitching: RHP Aidan Mitchell
|
|
|
Batting: LHB Jackson Trottier
|
0-0: Fly out, F8 (Flyball, 8LD, EV 95.6 MPH)
|
|
Batting: RHB Jarno van Lente
|
0-0: Foul Ball, location: 2F 0-1: Ball 1-1: Ball 2-1: Foul Ball, location: 2F 2-2: Ball 3-2: Foul Ball, location: 2F 3-2: Foul Ball, location: 2F 3-2: Foul Ball, location: 2F 3-2: Foul Ball, location: 2F 3-2: SINGLE (Groundball, 34D, EV 100.6 MPH)
|
|
Batting: RHB To-wai Chen
|
0-0: Called Strike Jarno van Lente steals 2nd base 0-1: SINGLE (Groundball, 3D, EV 96.2 MPH) Jarno van Lente to third
|
|
Batting: RHB Keith Goodwin
|
0-0: Fly out, F8 (Flyball, 8RS, EV 76.2 MPH)
|
|
Batting: RHB Gabe Allen
|
0-0: Called Strike 0-1: Called Strike 0-2: Ball 1-2: Fielders Choice at 2nd, 6-4 (Groundball, 6, EV 78.8 MPH)
|
| Bottom of the 7th over - 0 runs, 2 hits, 0 errors, 2 left on base; Miami Beach 1 - Houston 0 |
| TOP OF THE 8TH |
|
Miami Beach Marlins batting - Pitching for Houston Colt .45's : RHP Mike Wirick
|
|
Pitching: LHP T.J. Westover
|
|
|
Batting: RHB Andy Kelly
|
0-0: Foul Ball, location: 2F 0-1: Called Strike 0-2: Ball 1-2: Foul Ball, location: 2F 1-2: Foul Ball, location: 2F 1-2: Strikes out swinging
|
|
Batting: RHB Tony Ledezma
|
0-0: Ball 1-0: Ball 2-0: Ball 3-0: Base on Balls
|
|
Batting: LHB Matt McKeon
|
0-0: Called Strike 0-1: Called Strike 0-2: SINGLE (Groundball, 13, EV 83.8 MPH) (infield hit) Tony Ledezma to second
|
|
Batting: RHB Axel Moltke
|
0-0: Ball 1-0: Ball 2-0: Called Strike 2-1: Foul Ball, location: 2F 2-2: SINGLE (Groundball, 4MD, EV 106.9 MPH) Tony Ledezma to third Matt McKeon to second Runner from 3rd tries for Home, throw by CF and OUT! 8-2
|
|
Batting: LHB Eric Bailey
|
0-0: Called Strike 0-1: Fly out, F7 (Flyball, 7LD, EV 94.4 MPH)
|
| Top of the 8th over - 0 runs, 2 hits, 0 errors, 2 left on base; Miami Beach 1 - Houston 0 |
| BOTTOM OF THE 8TH |
|
Houston Colt .45's batting - Pitching for Miami Beach Marlins : RHP Aidan Mitchell
|
|
Batting: LHB Lou Toth
|
0-0: Ball 1-0: Fly out, F9 (Flyball, 9S, EV 82.5 MPH)
|
|
Batting: RHB Juan Mendoza
|
0-0: Called Strike 0-1: Ball 1-1: Ball 2-1: Foul Ball, location: 2F 2-2: Ball 3-2: Ground out 6-3 (Groundball, 6, EV 90.6 MPH)
|
|
Batting: LHB Bob Dietz
|
0-0: Ball 1-0: Ball 2-0: Ground out 6-3 (Groundball, 56D, EV 105.0 MPH)
|
| Bottom of the 8th over - 0 runs, 0 hits, 0 errors, 0 left on base; Miami Beach 1 - Houston 0 |
| TOP OF THE 9TH |
|
Miami Beach Marlins batting - Pitching for Houston Colt .45's : LHP T.J. Westover
|
|
Pitching: RHP Greg Otto
|
|
|
Batting: LHB Mike Kara
|
0-0: Called Strike 0-1: Called Strike 0-2: Ball 1-2: Ball 2-2: Fly out, F7 (Flyball, 7D, EV 105.6 MPH)
|
|
Batting: RHB Steve Barnard
|
0-0: Foul Ball, location: 2F 0-1: Ball 1-1: Ball 2-1: Swinging Strike 2-2: Ball 3-2: Foul Ball, location: 2F 3-2: SOLO HOME RUN (Flyball, 7LD, EV 93.1 MPH), Distance : 354 ft
|
|
Batting: RHB Willie Chavez
|
0-0: Ball 1-0: Called Strike 1-1: Ground out 5-3 (Groundball, 56S, EV 87.5 MPH)
|
|
Batting: RHB J.D. Vander Klok
|
0-0: Foul Ball, location: 2F 0-1: Fly out, F3 (Popup, 3S, EV 71.9 MPH)
|
| Top of the 9th over - 1 run, 1 hit, 0 errors, 0 left on base; Miami Beach 2 - Houston 0 |
| BOTTOM OF THE 9TH |
|
Houston Colt .45's batting - Pitching for Miami Beach Marlins : RHP Aidan Mitchell
|
|
Pitching: RHP J.P. Wilson
|
|
|
Batting: RHB Sean Mounts
|
0-0: Ball 1-0: Foul Ball, location: 2F 1-1: Ball 2-1: Ground out 5-3 (Groundball, 56S, EV 86.9 MPH)
|
|
Batting: LHB Jackson Trottier
|
0-0: Ball 1-0: Swinging Strike 1-1: Ball 2-1: Called Strike 2-2: Foul Ball, location: 2F 2-2: Ball 3-2: Foul Ball, location: 2F 3-2: Base on Balls
|
|
Batting: RHB Jarno van Lente
|
0-0: Ball 1-0: Ball 2-0: Called Strike 2-1: Grounds into double play, 5-4-3 (Groundball, 56, EV 90.6 MPH)
|
| Bottom of the 9th over - 0 runs, 0 hits, 0 errors, 0 left on base; Miami Beach 2 - Houston 0 |
|